 Dungeon Crawl Stone Soup version 0.28.0-43-g3370ac3207 (webtiles) character file.

Game seed: 13823230826916247937

80 zeratav the Insei (level 4, 0/28 HPs)
             Began as an Octopode Transmuter on Apr 2, 2022.
             Succumbed to a goblin's poison
             ... on level 3 of the Dungeon.
             The game lasted 00:08:20 (2930 turns).

zeratav the Insei (Octopode Transmuter)             Turns: 2930, Time: 00:08:21

Health: 0/28       AC:  1    Str:  9    XL:     4   Next: 39%
Magic:  1/7        EV: 13    Int: 17    God:
Gold:   46         SH:  0    Dex: 12    Spells: 3/7 levels left

rFire   . . .      SeeInvis .     - Unarmed
rCold   . . .      Faith    .   (no shield)
rNeg    . . .      Spirit   .   (helmet restricted)
rPois   .          Reflect  .   (no amulet)
rElec   .          Harm     .   (no ring)
rCorr   .          Rampage  .   (no ring)
Will    .....                   (no ring)
Stlth   ++........              (no ring)
HPRegen 0.09/turn               (no ring)
MPRegen 0.10/turn               (no ring)
                                (no ring)
                                (no ring)

@: lethally poisoned (0 -> -14), very slightly contaminated
A: almost no armour, amphibious, 8 rings, camouflage 1, gelatinous body 1,
(nimble swimmer 1), tentacles
a: no special abilities


You were on level 3 of the Dungeon.
You visited 1 branch of the dungeon, and saw 3 of its levels.

You collected 46 gold pieces.

Inventory:

Hand Weapons
 c - a +0 hunting sling
Missiles
 a - 45 stones
 h - 22 sling bullets
Scrolls
 i - a scroll of magic mapping
Potions
 d - a potion of heal wounds {unknown}
 f - a potion of ambrosia {unknown}
 g - a potion of haste {unknown}
 j - a potion of brilliance {unknown}
 k - 2 potions of degeneration {unknown}


   Skills:
 * Level 1.4 Fighting
 + Level 2.5 Dodging
 + Level 3.7 Unarmed Combat
 + Level 2.2 Spellcasting
 * Level 2.6 Transmutations
 * Level 1.3 Poison Magic


You had 3 spell levels left.
You knew the following spells:

 Your Spells              Type           Power      Damage    Failure   Level
a - Beastly Appendage     Tmut           20%        N/A       6%          1
b - Spider Form           Tmut/Pois      8%         N/A       26%         3

Your spell library contained the following spells:

 Spells                   Type           Power      Damage    Failure   Level
 Wereblood                Tmut           10%        N/A       10%         2
 Ice Form                 Ice/Tmut       6%         N/A       73%         4


Dungeon Overview and Level Annotations

Branches:
Dungeon (3/15)

Altars:

Shops:
D:1 *   D:2 (


Innate Abilities, Weirdness & Mutations

You cannot wear most types of armour.
You are amphibious.
You can wear up to eight rings at the same time.
Your skin changes colour to match your surroundings (Stealth+).
Your rubbery body absorbs attacks. (AC +1, EV +1)
((You are camouflaged when in or above water. (Stealth+)))
You have tentacles for arms and can constrict up to eight enemies at once.


Message History

Really attack while wielding your +0 hunting sling? [Y]es or [N]o only, please.
Really attack while wielding your +0 hunting sling?
Okay, then.
Casting: Spider Form (quite dangerous; 26% risk of failure)
Confirm with . or Enter, or press ? or * to list all spells.
The spell is quite dangerous to miscast (26% risk of failure)!
Continue anyway?
You miscast Spider Form.
You are very lightly contaminated with residual magic.
Nothing appears to happen.
The goblin closely misses you.
Casting: Spider Form (quite dangerous; 26% risk of failure)
Confirm with . or Enter, or press ? or * to list all spells.
The spell is quite dangerous to miscast (26% risk of failure)!
Continue anyway?
You miscast Spider Form.
You feel incredibly sick!
You are poisoned.
You feel sick.
The goblin hits you with a +1 dagger of venom.
You are more poisoned.
Really attack while wielding your +0 hunting sling? [Y]es or [N]o only, please.
Really attack while wielding your +0 hunting sling? [Y]es or [N]o only, please.
Really attack while wielding your +0 hunting sling? [Y]es or [N]o only, please.
Really attack while wielding your +0 hunting sling? [Y]es or [N]o only, please.
Really attack while wielding your +0 hunting sling?
Okay, then.
You are now empty-tentacled.
You barely miss the goblin. You grab the goblin. You tentacle-slap the goblin.
The goblin is moderately wounded.
You constrict the goblin.
You feel sick.
The goblin hits you with a +1 dagger of venom.
* * * LOW HITPOINT WARNING * * *
You are more poisoned.
You tentacle-slap the goblin.
You kill the goblin!
* * * LOW HITPOINT WARNING * * *
You feel very sick.
You die...

#............#####.#
*******#.....#>.....# *,*
*,,,,,,##.#..#.....######.#
*,,,,,,**,#..#............#
*,,,,,,**,#..##...######..#
****,,,,,,**,#............#,,*
,,,+,,,,,,**,#..####.####.#,,*
,***,,,,,,**,##.####.#***,*,,*
,***********,#..@..#.#,,,,,,,*
,,,,,,* *,#..#.##.#,**,*,**
,****,* *,#..#.##.#,**,*,*
,,,**,* *,#..#.##.#,**,*,*
,,,**,******,##(#.#*.#,**,*,*
,,,**,,,,,,,,,.....,,*,**,*,*
,*,,,,,,,,,,,,..#.#***,**,*,*
,,,,,,,,,,,,,,..*..,,,,,,,,,*
***************,*,,***,**,***


There were no monsters in sight!

Vanquished Creatures
  Jessica (D:2)
  2 adders (D:2)
  2 bats (D:2)
  4 endoplasms
  3 giant cockroaches
  4 goblins
  3 hobgoblins
  5 kobolds
  2 quokkas
  2 ball pythons (D:1)
  2 frilled lizards
  2 rats (D:2)
32 creatures vanquished.

Notes
Turn   | Place    | Note
-------+----------+-------------------------------------------
     0 | D:1      | zeratav the Octopode Transmuter began the quest for the
                  | Orb.
     0 | D:1      | Reached XP level 1. HP: 13/13 MP: 3/3
    67 | D:1      | Found Matowkutt's General Store.
   554 | D:1      | Reached XP level 2. HP: 18/18 MP: 3/5
  1352 | D:1      | Found a faded altar of an unknown god.
  1646 | D:2      | Reached XP level 3. HP: 16/23 MP: 6/6
  1932 | D:2      | Reached skill level 1 in Poison Magic
  2078 | D:2      | Found Kesof's Antique Weapon Shoppe.
  2255 | D:2      | Learned a level 3 spell: Spider Form
  2260 | D:2      | Noticed Jessica
  2268 | D:2      | Killed Jessica
  2269 | D:2      | Reached XP level 4. HP: 21/28 MP: 3/7
  2930 | D:3      | Succumbed to a goblin's poison

Illustrated notes

Levels and vault maps discovered:
D:1:      dpeg_arrival_orchard, layout_basic, chequers_ecumenical_altar_lobes,
          serial_shops, shop
D:2:      layout_loops_corners, serial_shops, shop, uniq_jessica
D:3:      layout_basic, grunt_temple_overflow_forces_of_nature

Skill      XL: |  1  2  3 |
---------------+----------+-----
Poison Magic   | 1 |  1.3
Fighting       | |  1.4
Dodging        | |  2.5
Unarmed Combat | |  3.7
Spellcasting   | |  2.2
Transmutations | |  2.6

Action                   |  1- 3 |  4- 6 || total
-------------------------+-------+-------++-------
Melee: Unarmed           |    57 |     5 ||    62
       Constrict         |    20 |     2 ||    22
       Tentacles         |    12 |     1 ||    13
       Kick              |     7 |       ||     7
       Punch             |       |     1 ||     1
 Fire: Hunting sling     |     9 |     9 ||    18
 Cast: Beastly Appendage |     8 |       ||     8
       Spider Form       |     1 |       ||     1
  Use: Scroll            |       |     3 ||     3
 Stab: Sleeping          |     3 |       ||     3
Armor: Skin              |     4 |     1 ||     5
Dodge: Dodged            |    36 |     4 ||    40
